 Dungeon Crawl Stone Soup version 0.29.0-5-ge4962eb29e (webtiles) character file.

Game seed: 5881210943715202149

4977 SensoryNuts the Severer (level 10, -3/86 HPs)
             Began as a Hill Orc Fighter on Aug 28, 2022.
             Succumbed to Amaemon's poison
             ... on level 8 of the Dungeon.
             The game lasted 00:10:44 (8571 turns).

SensoryNuts the Severer (Hill Orc Fighter)          Turns: 8571, Time: 00:10:45

Health: -3/86      AC: 20    Str: 24    XL:     10   Next: 53%
Magic:  10/10      EV:  6    Int:  8    God:
Gold:   192        SH: 10    Dex: 16    Spells: 9/9 levels left

rFire   . . .      SeeInvis .   a - +0 war axe
rCold   . . .      Faith    .   l - +0 kite shield
rNeg    . . .      Spirit   .   f - +1 plate armour
rPois   .          Reflect  .   x - +0 helmet
rElec   .          Harm     .   h - +0 cloak
rCorr   .          Rampage  .   k - +2 pair of gloves
Will    .....                   (no boots)
Stlth   ..........              (no amulet)
HPRegen 0.24/turn               u - +6 ring of dexterity
MPRegen 0.12/turn               (no ring)

@: brilliant, lethally poisoned (-3 -> -21), on berserk cooldown, slowed, very
slow
A: no striking features
a: no special abilities


You were on level 8 of the Dungeon.
You visited 2 branches of the dungeon, and saw 9 of its levels.

You collected 361 gold pieces.
You spent 169 gold pieces at shops.

Inventory:

Hand Weapons
 a - a +0 war axe (weapon)
Armour
 f - a +1 plate armour (worn)
 h - a +0 cloak (worn)
 k - a +2 pair of gloves (worn)
 l - a +0 kite shield (worn)
 x - a +0 helmet (worn)
Jewellery
 o - a ring of fire
 u - a +6 ring of dexterity (left hand)
 y - a ring of positive energy
Wands
 c - a wand of digging (4)
 j - a wand of iceblast (18)
 C - a wand of flame (26)
Scrolls
 d - 2 scrolls of noise
 i - a scroll of butterflies
 n - 3 scrolls of blinking
 q - a scroll of fear
 t - 2 scrolls of magic mapping
 B - a scroll of teleportation
Potions
 b - 2 potions of degeneration
 e - a potion of berserk rage
 g - a potion of brilliance
 p - a potion of mutation
 z - 2 potions of lignification


   Skills:
 + Level 7.1 Fighting
 * Level 15.5 Axes
 + Level 7.4 Armour
 + Level 0.7 Dodging
 + Level 0.3 Stealth
 + Level 6.1 Shields


You had 9 spell levels left.
You didn't know any spells.
Your spell library contained the following spells:

 Spells                   Type           Power      Damage    Failure   Level
 Sting                    Tmut/Pois      0%         1d3       100%        1
 Poisonous Vapours        Pois/Air       0%         N/A       100%        2
 Olgreb's Toxic Radiance  Pois           0%         N/A       100%        4


Dungeon Overview and Level Annotations

Branches:
Dungeon (8/15)             Temple (1/1) D:6
   Lair: D:8-11

Altars:
Ashenzari
Cheibriados
Dithmenos
Elyvilon
Fedhas
Gozag
Hepliaklqana
Makhleb
Nemelex Xobeh
Okawaru
Ru
Sif Muna
Trog
Uskayaw
Vehumet
Wu Jian
Xom
Yredelemnul
Zin
The Shining One

Shops:
D:4 !


Message History

Amaemon tail-slaps you but does no damage.
You slash Amaemon!
Amaemon is almost dead.
You hit the scorpion. You slash the scorpion!
You feel sick.
The scorpion disappears in a puff of smoke!
The scorpion stings you.
Amaemon hits you with a -2 demon whip of venom.
You are more poisoned.
Amaemon claws you but does no damage.
Amaemon tail-slaps you but does no damage.
The scorpion stings you but does no damage.
The scorpion stings you.
* * * LOW HITPOINT WARNING * * *
You are lethally poisoned!
The scorpion poisons you!
Amaemon hits you with a -2 demon whip of venom.
* * * LOW HITPOINT WARNING * * *
You are more poisoned.
Amaemon claws you but does no damage.
Amaemon tail-slaps you but does no damage.
Okay, then.
Okay, then.
You hit Amaemon but do no damage.
Amaemon is almost dead.
You closely miss the scorpion. You slash the scorpion!
You kill the scorpion!
The scorpion's corpse disappears in a puff of smoke!
* * * LOW HITPOINT WARNING * * *
You feel extremely sick.
The scorpion stings you but does no damage.
Amaemon barely misses you. x2; You block Amaemon's attack.
You block the scorpion's attack.
You slash Amaemon!
You kill Amaemon!
The scorpion disappears in a puff of smoke!
* * * LOW HITPOINT WARNING * * *
You feel extremely sick.
Your Shields skill increases to level 6!
Unknown command.
You die...

#################
##................
#######.................
#....§.@#########.######
#.####### ... #.# +##6.
##### #.# ♣.♣
#...######.# .
.###.).....#
....######## .....#
.....#


There were no monsters in sight!

Vanquished Creatures
  Amaemon (D:8)
  Maggie (D:7)
  An orange demon (D:8)
  Prince Ribbit (D:6)
  A shadow (D:5)
  A steam dragon (D:6)
  Edmund (D:5)
  Duvessa (D:6)
  2 water moccasins
  A black bear (D:5)
  2 ice beasts
  An orc warrior (D:6)
  4 sky beasts
  An ogre (D:6)
  A centaur (D:8)
  A kobold brigand (D:7)
  3 necrophages
  5 scorpions
  2 bullfrogs
  A gnoll sergeant (D:7)
  A wight (D:8)
  Dowan (D:6)
  4 killer bees (D:7)
  3 howler monkeys (D:7)
  A jelly (D:5)
  3 hounds
  4 orc priests
  A gnoll bouda (D:7)
  5 iguanas
  Natasha (thrice) (D:2)
  6 orc wizards
  Robin (D:2)
  12 gnolls
  9 adders
  2 shadow imps
  A white imp (D:5)
  An ufetubus (D:7)
  6 worms
  A dart slug (D:3)
  18 orcs
  7 endoplasms
  2 giant cockroaches
  18 goblins
  7 hobgoblins
  2 jackals (D:5)
  4 quokkas
  10 ball pythons
  3 bats
  3 frilled lizards
  8 kobolds
  24 rats
203 creatures vanquished.

Notes
Turn   | Place    | Note
-------+----------+-------------------------------------------
     0 | D:1      | SensoryNuts the Hill Orc Fighter began the quest for the
                  | Orb.
     0 | D:1      | Reached XP level 1. HP: 19/19 MP: 1/1
    61 | D:1      | Reached skill level 3 in Axes
    80 | D:1      | Reached XP level 2. HP: 27/27 MP: 2/2
   421 | D:1      | Reached XP level 3. HP: 31/33 MP: 3/3
   619 | D:2      | Noticed Robin
   633 | D:2      | Reached skill level 4 in Axes
   643 | D:2      | Killed Robin
   660 | D:2      | Reached XP level 4. HP: 24/38 MP: 4/4
   679 | D:2      | Reached skill level 5 in Axes
  1214 | D:2      | Reached XP level 5. HP: 46/46 MP: 5/5
  1555 | D:2      | Found a faded altar of an unknown god.
  1562 | D:2      | Noticed Natasha
  1576 | D:2      | Killed Natasha
  1658 | D:2      | Noticed Natasha
  1671 | D:2      | Killed Natasha
  1672 | D:2      | Reached skill level 6 in Axes
  1738 | D:2      | Noticed Natasha
  1770 | D:2      | Killed Natasha
  1912 | D:2      | You fall into a shaft and drop 1 floor!
  1961 | D:3      | Reached XP level 6. HP: 45/53 MP: 6/6
  2787 | D:3      | Found an opulent altar of Gozag.
  3106 | D:3      | Reached skill level 7 in Axes
  3381 | D:4      | Found a bloodstained altar of Trog.
  3618 | D:4      | Reached XP level 7. HP: 40/60 MP: 7/7
  3742 | D:4      | Found a blossoming altar of Fedhas.
  3745 | D:4      | Found a shadowy altar of Dithmenos.
  3753 | D:4      | Found an ornate altar of the Wu Jian Council.
  3756 | D:4      | Found a white marble altar of Elyvilon.
  3758 | D:4      | Found a hide-covered altar of Uskayaw.
  3846 | D:4      | Found Nauclefi's Distillery.
  3851 | D:4      | Bought a potion of mutation for 104 gold pieces
  3851 | D:4      | Bought a potion of heal wounds for 65 gold pieces
  3894 | D:4      | Reached skill level 8 in Axes
  4099 | D:5      | Entered Level 5 of the Dungeon
  4167 | D:5      | Found a broken altar of Ashenzari.
  4246 | D:5      | Noticed Edmund
  4267 | D:5      | Killed Edmund
  4268 | D:5      | Reached skill level 9 in Axes
  4268 | D:5      | Reached skill level 5 in Armour
  4504 | D:5      | Reached XP level 8. HP: 67/67 MP: 8/8
  4570 | D:5      | Noticed a shadow
  4576 | D:5      | Killed a shadow
  4577 | D:5      | Reached skill level 5 in Fighting
  4577 | D:5      | Reached skill level 10 in Axes
  4668 | D:5      | Identified the +2 quarterstaff of Siqoacsiyqe {pain, +Blink
                  | Str-4 Int+7 Stlth+}
  5123 | D:5      | Reached skill level 11 in Axes
  5662 | D:6      | Found a staircase to the Ecumenical Temple.
  5665 | D:6      | Noticed Duvessa
  5665 | D:6      | Noticed Dowan
  5681 | D:6      | Killed Duvessa
  5688 | D:6      | Reached XP level 9. HP: 54/74 MP: 9/9
  5694 | D:6      | Killed Dowan
  5695 | D:6      | Reached skill level 12 in Axes
  5707 | Temple   | Entered the Ecumenical Temple
  6147 | D:6      | Noticed Prince Ribbit
  6171 | D:6      | Killed Prince Ribbit
  6172 | D:6      | Reached skill level 13 in Axes
  7200 | D:7      | Reached skill level 14 in Axes
  7277 | D:7      | Noticed Maggie
  7304 | D:7      | Killed Maggie
  7305 | D:7      | Reached skill level 5 in Shields
  7305 | D:7      | Reached XP level 10. HP: 59/84 MP: 10/10
  7513 | D:7      | Found a glowing silver altar of Zin.
  7513 | D:7      | Noticed an angel
  8181 | D:7      | Reached skill level 15 in Axes
  8523 | D:8      | Noticed an orange demon
  8523 | D:8      | Noticed Amaemon
  8543 | D:8      | Killed an orange demon
  8570 | D:8      | Killed Amaemon
  8570 | D:8      | HP: 3/86 [poisoned by Amaemon]
  8571 | D:8      | Succumbed to Amaemon's poison

Illustrated notes

Levels and vault maps discovered:
D:1:      wander_arrival_lonely_grave, layout_rooms
D:2:      minmay_wonky_spiral, layout_loops_ring,
          nicolae_ecumenical_lake_church, minmay_rat_hole, uniq_natasha,
          uniq_robin
D:3:      layout_basic, nicolae_gozag_seed_capital, hangedman_decor_push,
          st_stairs_2, minmay_joined_circles
D:4:      layout_rooms, nicolae_overflow_hallway_of_the_gods, serial_shops,
          nicolae_square_shop
D:5:      layout_loops_cross, mainiacjoe_overflow_concentric_impassable,
          kennysheep_generic_room_6, uniq_edmund
D:6:      layout_loops_ring, minmay_temple_entry_waves,
          kennysheep_generic_room_12, uniq_duvessa, uniq_prince_ribbit1
D:7:      layout_basic, zin_angel, st_stairs_14, minmay_misc_feat_enclosed,
          uniq_maggie
D:8:      nzn_winding_woodlands_three_and_one [nzn_winding_woodlands_5x15_cabin,
          nzn_winding_woodlands_5x15_default,
          nzn_winding_woodlands_5x15_pockets,
          nzn_winding_woodlands_center_garden], layout_layer_cave,
          kennysheep_mini, lair_entry_dummy, chequers_mini_garden,
          minmay_stone_trees_small, nrook_loot_triangle, disabler_island,
          uniq_amaemon
Temple:   minmay_freezing_vapour_temple

Skill      XL: |  1  2  3  4  5  6  7  8  9 10 |
---------------+-------------------------------+-----
Axes           | 3 4 5 6 7 9 11 14 15 | 15.5
Fighting       | 4 5 6 7 |  7.1
Armour         | 4 5 6 7 |  7.4
Shields        | 4 5 6 |  6.1
Dodging        | |  0.7
Stealth        | |  0.3

Action                   |  1- 3 |  4- 6 |  7- 9 | 10-12 || total
-------------------------+-------+-------+-------+-------++-------
Melee: War axe           |    69 |   207 |   338 |    99 ||   713
  Use: Scroll            |     3 |     5 |     4 |       ||    12
       Potion            |     2 |     1 |    11 |     7 ||    21
Armor: Scale mail        |     6 |       |       |       ||     6
       Plate armour      |    27 |   111 |   219 |   117 ||   474
       Skin              |    18 |     7 |       |       ||    25
Dodge: Dodged            |    13 |    52 |    89 |    41 ||   195
Block: Buckler           |    17 |    44 |    60 |       ||   121
       Kite shield       |       |       |    37 |    92 ||   129
